 Dungeon Crawl Stone Soup version 0.21.1-1-g345015f (webtiles) character file.

3107 sanboga the Cleaver (level 9, -2/59 HPs)
             Began as a Gargoyle Berserker on Mar 7, 2018.
             Was an Elder of Trog.
             Slain by Gastronok (17 damage)
             ... on level 8 of the Dungeon.
             The game lasted 00:10:44 (5387 turns).

sanboga the Cleaver (Gargoyle Berserker)            Turns: 5387, Time: 00:10:45

Health: -2/59      AC: 25    Str: 24    XL:     9   Next: 90%
Magic:  9/9        EV:  7    Int:  8    God:    Trog [****..]
Gold:   249        SH:  0    Dex:  9    Spells: 8/8 levels left

rFire    . . .     SeeInvis .   b - +0 war axe (vamp)
rCold    . . .     Gourm    +   (no shield)
rNeg     + . .     Faith    .   q - +0 plate armour
rPois    ∞         Spirit   .   g - +0 helmet
rElec    +         Reflect  .   (no cloak)
rCorr    .         Harm     .   (no gloves)
MR       .....                  (no boots)
Stlth    ..........             j - amulet of the gourmand
HPRegen  0.19/turn              p - +4 ring of protection
MPRegen  0.11/turn              (no ring)

@: no status effects
A: negative energy resistance 1, electricity resistance, unbreathing,
petrification resistance, rot immunity, AC +6
a: Berserk, Trog's Hand, Brothers in Arms, Burn Spellbooks, Renounce Religion


You were on level 8 of the Dungeon.
You worshipped Trog.
Trog was greatly pleased with you.
You were hungry.

You visited 2 branches of the dungeon, and saw 8 of its levels.
You also visited: Ossuary.

You collected 249 gold pieces.

Inventory:

Hand Weapons
 a - a +1 hand axe
 b - a +0 vampiric war axe (weapon)
 s - the +8 trident of the Octopus King {venom, rElec rPois MR+}
   (You found it on level 6 of the Dungeon)

   It poisons the flesh of those it strikes.
   It insulates you from electricity.
   It protects you from poison.
   It affects your resistance to hostile enchantments.
Armour
 g - a +0 helmet (worn)
 q - a +0 plate armour (worn)
Jewellery
 j - an amulet of the gourmand (around neck)
 p - a +4 ring of protection (left hand)
Scrolls
 c - 2 scrolls of remove curse
 k - 4 scrolls of identify
 l - 4 scrolls of immolation
 n - 3 scrolls of magic mapping
 r - 4 scrolls of teleportation
 t - 2 scrolls of blinking
Potions
 d - 2 potions of curing
 e - a potion of invisibility
 f - 2 potions of haste
 h - 2 potions of agility
 m - a potion of resistance
 o - 2 potions of flight
 w - a potion of heal wounds
Comestibles
 u - 9 rations


   Skills:
 + Level 8.1 Fighting
 * Level 9.2 Axes
 + Level 7.7 Armour
 - Level 1.5 Dodging


You had 8 spell levels left.
You didn't know any spells.

Dungeon Overview and Level Annotations

Branches:
Dungeon (8/15)             Temple (1/1) D:6
   Lair: D:8-11

Altars:
Ashenzari
Cheibriados
Dithmenos
Elyvilon
Gozag
Hepliaklqana
Kikubaaqudgha
Makhleb
Nemelex Xobeh
Qazlal
Ru
Sif Muna
Trog
Uskayaw
Vehumet
Xom
Yredelemnul
The Shining One

Shops:
D:4 :   D:8 ?

Annotations:
D:8 Gastronok


Innate Abilities, Weirdness & Mutations

You are resistant to torment.
Your stone body is resilient. (AC +6)
You are immune to poison.
You resist negative energy. (rN+)
You are resistant to electric shocks. (rElec)
You can survive without breathing.
You are immune to petrification.
You are immune to rotting.


Message History

Gastronok is moderately wounded.
Gastronok bites you!
You hit Gastronok.
You feel better.
Gastronok is moderately wounded.
You hit Gastronok but do no damage.
Gastronok is moderately wounded.
Gastronok bites you but does no damage.
You hit Gastronok but do no damage.
Gastronok is moderately wounded.
You hit Gastronok.
Gastronok is moderately wounded.
Gastronok waves his eye-stalks in wide circles.
The air twists around and strikes you!
* * * LOW HITPOINT WARNING * * *
You hit Gastronok but do no damage.
Gastronok is moderately wounded.
You slash Gastronok!
Gastronok is moderately wounded.
Gastronok bites you!
You die...

### ..# #r######.########
#w#.............#
#@....##... ....##
#######.....##..# .....
#...............####..#.
#.#####...........##...#
#...........##..#
#.#.#....=.....##
#.#.............##
####.#####.###.....<..#...#
.>.........##..........###.


You could see Gastronok and a river rat.

Vanquished Creatures
  An oklob plant (D:6)
  A hippogriff (D:7)
  3 orc warriors
  2 phantoms
  3 ice beasts
  A black bear (D:6)
  2 ogres
  2 bullfrogs (D:7)
  3 elf skeletons (D:4)
  5 scorpions
  2 centaur zombies
  4 crimson imps
  5 hounds
  A human zombie (D:4)
  An orc priest (D:4)
  A bullfrog skeleton (D:6)
  3 human skeletons (D:4)
  4 orc wizards
  A worker ant (D:8)
  3 big kobold zombies (Ossuary)
  3 mummies (Ossuary)
  Robin (D:4)
  A worker ant zombie (D:6)
  4 gnolls (D:6)
  5 adders
  A scorpion zombie (Ossuary)
  2 shadow imps (D:8)
  An ooze (D:4)
  An adder zombie (D:5)
  An adder skeleton (D:4)
  A worm (D:4)
  3 dart slugs (D:1)
  2 leopard geckos
  21 orcs
  A bat (D:1)
  5 giant cockroaches
  10 goblins
  5 hobgoblins
  13 jackals
  3 quokkas
  5 frilled lizards (D:1)
  3 goblin zombies (Ossuary)
  2 hobgoblin zombies (Ossuary)
  3 kobolds
  A kobold zombie (Ossuary)
  4 orc skeletons (D:4)
  6 orc zombies (Ossuary)
  A quokka zombie (D:6)
  12 rats (D:1)
  A plant (D:6)
170 creatures vanquished.

Vanquished Creatures (others)
  A kobold zombie (Ossuary)
  A plant (D:8)
2 creatures vanquished.

Grand Total: 172 creatures vanquished

Notes
Turn   | Place    | Note
-------+----------+-------------------------------------------
     0 | D:1      | sanboga the Gargoyle Berserker began the quest for the Orb.
     0 | D:1      | Reached XP level 1. HP: 14/14 MP: 1/1
   154 | D:1      | Reached skill level 3 in Axes
   154 | D:1      | Reached XP level 2. HP: 19/19 MP: 2/2
   370 | D:1      | Reached XP level 3. HP: 23/23 MP: 3/3
   827 | D:2      | Found a glowing golden altar of the Shining One.
   885 | D:2      | You fall through a shaft for 2 floors!
   893 | D:4      | Reached XP level 4. HP: 28/29 MP: 4/4
   902 | D:4      | Noticed Robin
   907 | D:4      | Reached ** piety under Trog
   913 | D:4      | Reached skill level 4 in Axes
   916 | D:4      | Killed Robin
   916 | D:4      | Reached XP level 5. HP: 16/33 MP: 5/5
  1073 | D:4      | Found an opulent altar of Gozag.
  1181 | D:4      | Reached XP level 6. HP: 10/39 MP: 6/6
  1383 | D:4      | Reached skill level 5 in Axes
  1387 | D:4      | Found a sand-covered staircase.
  1395 | D:4      | Reached skill level 5 in Fighting
  1399 | Ossuary  | Entered an ossuary
  1421 | Ossuary  | Reached XP level 7. HP: 41/44 MP: 7/7
  1673 | Ossuary  | Reached skill level 6 in Axes
  1761 | D:4      | Reached skill level 5 in Armour
  1827 | D:4      | Reached *** piety under Trog
  1933 | D:4      | Found Cir Jir's Book Shoppe.
  2310 | D:5      | Entered Level 5 of the Dungeon
  2742 | D:5      | Reached XP level 8. HP: 50/51 MP: 8/8
  3404 | D:6      | HP: 2/51 [orc warrior/glaive of flaming (1)]
  3603 | D:6      | Found the +8 trident of the Octopus King {venom, rElec rPois MR+}
  3622 | D:6      | Found a staircase to the Ecumenical Temple.
  3719 | D:6      | Found a stormy altar of Qazlal.
  3719 | D:6      | Noticed an oklob plant
  3748 | D:6      | Killed an oklob plant
  3748 | D:6      | Reached skill level 7 in Axes
  3866 | D:6      | Reached XP level 9. HP: 56/56 MP: 9/9
  3916 | D:6      | Got a brightly glowing amber ring
  3943 | D:6      | Found a radiant altar of Vehumet.
  3943 | D:6      | Found a basalt altar of Yredelemnul.
  4428 | Temple   | Entered the Ecumenical Temple
  4685 | D:7      | Reached skill level 8 in Axes
  4850 | D:7      | Reached **** piety under Trog
  4998 | D:7      | Reached skill level 9 in Axes
  5225 | D:7      | Found a hazy altar of Hepliaklqana.
  5227 | D:7      | Found an opulent altar of Gozag.
  5249 | D:7      | Found a hide-covered altar of Uskayaw.
  5251 | D:7      | Found a white marble altar of Elyvilon.
  5317 | D:8      | Found Kakykief's Magic Scroll Emporium.
  5347 | D:8      | Identified the cursed ring "Sexulots" {rPois MP-9 Dex+10 Slay-2 Stlth+} (You found it on level 6 of the Dungeon)
  5370 | D:8      | Noticed Gastronok
  5387 | D:8      | Slain by Gastronok

Skill      XL: |  1  2  3  4  5  6  7  8  9 |
---------------+----------------------------+-----
Axes           | 3 4 5 6 7 9 |  9.2
Armour         | 3 4 5 6 7 |  7.7
Fighting       | 4 5 6 8 |  8.1
Dodging        | |  1.5

Action                   |  1- 3 |  4- 6 |  7- 9 || total
-------------------------+-------+-------+-------++-------
Melee: Hand axe          |    84 |    20 |       ||   104
       War axe           |       |    69 |   379 ||   448
Invok: Berserk           |     1 |     1 |     1 ||     3
  Use: Scroll            |     8 |       |     8 ||    16
       Potion            |       |       |     9 ||     9
  Eat: Chunk             |       |     2 |    13 ||    15
       Ration            |       |     2 |       ||     2
Armor: Animal skin       |    29 |       |       ||    29
       Chain mail        |    10 |   107 |    88 ||   205
       Plate armour      |       |       |   253 ||   253
Dodge: Dodged            |    51 |    59 |   155 ||   265
